 Dungeon Crawl Stone Soup version 0.31-a0-73-g838c19eb66 (webtiles) character file.

Game seed: 2569701043372255634

78 Colgate the Grave Robber (level 4, 0/32 (33) HPs)
             Began as a Meteoran Necromancer on May 23, 2023.
             Killed from afar by an orc wizard (12 damage)
             ... with a puff of flame
             ... on level 4 of the Dungeon.
             The game lasted 00:05:21 (659 turns).

Colgate the Grave Robber (Meteoran Necromancer)      Turns: 659, Time: 00:05:21

HP:   0/32 (33)     AC:  2    Str:  9    XL:     4   Next: 93%
MP:   2/11          EV: 12    Int: 18    God:
Gold: 63            SH:  0    Dex: 15    Spells: 4/12 levels left

rFire   . . .        b - +0 halberd
rCold   . . .        (shield currently unavailable)
rNeg    . . .        i - +0 robe
rPois   .            (no helmet)
rElec   .            (no cloak)
rCorr   .            (no gloves)
SInv    .            (no boots)
Will    .....        (no amulet)
Stlth   +            (no ring)
HPRegen 0.25/turn    (no ring)
MPRegen 0.12/turn

%: no passive effects
@: animating dead, very slightly contaminated, glowing, lightly drained
A: sense surroundings 1, otherworldly, glowing, explore regen
a: no special abilities


You were on level 4 of the Dungeon.
You visited 1 branch of the dungeon, and saw 4 of its levels.

You collected 63 gold pieces.

Inventory:

Hand Weapons
 a - a +1 short sword of draining
 b - a +0 halberd (weapon)
 c - a +0 dagger
 d - a +0 trident
Armour
 i - a +0 robe (worn)
Scrolls
 h - 2 scrolls of fog
 j - a scroll of poison
Potions
 e - a potion of magic
 f - a potion of resistance {@q5}


   Skills:
 - Level 2.4 Dodging
 - Level 1.4 Stealth
 + Level 4.8 Spellcasting
 - Level 5.0 Necromancy


You had 4 spell levels left.
You knew the following spells:

 Your Spells              Type           Power      Damage    Failure   Level
a - Necrotise             Necr           88%        1d8       1%          1
b - Vampiric Draining     Necr           22%        2d7       4%          3
c - Animate Dead          Necr           22%        N/A       17%         4

Your spell library contained the following spells:

 Spells                   Type           Power      Damage    Failure   Level
 Agony                    Necr           22%        N/A       43%         5


Dungeon Overview and Level Annotations

Branches:
Dungeon (4/15) Zot: 1723
 Temple: D:4-7

Altars:


Innate Abilities, Weirdness & Mutations

You passively map a small area around you.
You are easily found by Zot.
You glow in the dark.
You regain HP and MP as you explore.


Message History

There is a stone staircase leading up here.
There is a stone staircase leading down here.
You climb downwards.
Found a scroll labelled GICYHILIEH.
There is a stone staircase leading up here.
j - a scroll labelled GICYHILIEH
As you read the scroll labelled CIAMYU WAF QEPS, it crumbles to dust.
The scroll dissolves into smoke.
It was a scroll of fog.
As you read the scroll labelled PENKIBUSIA, it crumbles to dust.
It is a scroll of identify.
j - a scroll of poison
As you read the scroll of identify {@r1}, it crumbles to dust.
f - a potion of resistance You open the door.
Found a war axe.
There is an open door here.
Item here: a war axe.
The floor.
Unknown command.
Unknown command.
You see here a +0 war axe.
An orc wizard comes into view. It is wielding a +0 dagger.
The orc wizard shouts!
You hear a shout!
The orc wizard moves out of view.
An orc comes into view. It is wielding a +0 whip. x2
The orc moves out of view.
Casting: Necrotise (safe; 1% risk of failure)
You miscast Animate Dead.
You are very lightly contaminated with residual magic.
Pain shoots through your body!
You feel drained.
Casting: Animate Dead (extremely dangerous; 17% risk of failure)
You call upon the dead to rise.
The orc wizard points at you and mumbles some strange words.
The puff of flame hits you!
Aiming: Necrotise (safe; 1% risk of failure)
Aim: an orc wizard, wielding a +0 dagger and wearing a +0 robe (chance to affect: 81%)
The orc wizard writhes in agony.
The orc wizard points at you and mumbles some strange words.
The puff of flame hits you!
You die...

####### #.....#
#.....#### #........#
#### * * * #........#
#§§ ,# ,
.#######........###§##.#
,
..o....@...)....'§§§§§..
,
....o#######....###§##.#
,, ..., #######§§§..# .
##.#### , , * #.# * * **
#.# ,,,..# *, ,..# , , *
,#.#


You could see an orc wizard and an orc.

Vanquished Creatures
  3 gnolls (D:2)
  2 adders (D:2)
  3 endoplasms
  2 goblins
  A hobgoblin (D:1)
  7 ball pythons
  A bat (D:2)
  3 kobolds
22 creatures vanquished.

Vanquished Creatures (collateral kills)
  An adder (D:2)
  3 ball pythons (D:2)
4 creatures vanquished.

Vanquished Creatures (others)
  An adder zombie (D:2)
1 creature vanquished.

Grand Total: 27 creatures vanquished

Notes
Turn   | Place    | Note
-------+----------+-------------------------------------------
     0 | D:1      | Colgate the Meteoran Necromancer began the quest for the
                  | Orb.
     0 | D:1      | Reached XP level 1. HP: 14/14 MP: 5/5
   190 | D:1      | Reached XP level 2. HP: 20/20 MP: 4/7
   221 | D:2      | Reached skill level 5 in Necromancy
   221 | D:2      | Reached XP level 3. HP: 25/26 MP: 4/8
   225 | D:2      | Learned a level 3 spell: Vampiric Draining
   345 | D:2      | Reached XP level 4. HP: 33/33 MP: 1/10
   362 | D:2      | Learned a level 4 spell: Animate Dead
   659 | D:4      | Killed from afar by an orc wizard

Illustrated notes

Levels and vault maps discovered:
D:1:      sevenhm_arrival_forest_fort_small_4, layout_basic
D:2:      layout_loops_ring, minmay_shallow_snake_nest
D:3:      layout_basic, nicolae_overflow_hidden_temple, serial_shops, shop,
          ebering_ecumenical_altar_sacrificial, ebering_ghost_sewer_d
D:4:      layout_basic, serial_shops, shop, minmay_increasing_density,
          uniq_grinder, uniq_eustachio

Skill      XL: |  1  2  3  4 |
---------------+-------------+-----
Spellcasting   | 3 4 |  4.8
Necromancy     | 5 |  5.0
Dodging        | |  2.4
Stealth        | |  1.4

Action                     |  1- 3 |  4- 6 || total
---------------------------+-------+-------++-------
  Melee: Trident           |     3 |     6 ||     9
         Halberd           |       |    22 ||    22
         Punch             |       |     1 ||     1
   Cast: Necrotise         |    27 |     7 ||    34
         Animate Dead      |       |     3 ||     3
    Use: Scroll            |       |     3 ||     3
 Armour: Robe              |     4 |     4 ||     8
  Dodge: Dodged            |     1 |    29 ||    30

Table legend: (Time is in decaauts)
 A = Elapsed time spent in this place.
 B = Non-inter-level travel time spent in this place.
 C = Inter-level travel time spent in this place.
 D = Time resting spent in this place.
 E = Time spent auto-exploring this place.
 F = Levels seen in this place.
 G = Mean time per level.
                   A        B        C        D        E       F      G
               +--------+--------+--------+--------+--------+-----+--------+
         Total |    676 |    676 |      0 |      7 |    427 |   4 |  169.0 |
       Dungeon |    676 |    676 |      0 |      7 |    427 |   4 |  169.0 |
               +--------+--------+--------+--------+--------+-----+--------+

Top non-repeatable levels by time:
     D:2: 420 daAuts
     D:1: 221 daAuts
     D:4: 21 daAuts
     D:3: 12 daAuts
